 Dungeon Crawl Stone Soup version 0.31-a0-150-g89dc3ad700 (webtiles) character file.

Game seed: 2934648976898427827

2493 Irreverend the Cleaver (level 9, 0/79 HPs)
             Began as a Minotaur Fighter on June 9, 2023.
             Slain by an orc knight
             ... wielding a +0 halberd
              (13 damage)
             ... in a bailey.
             The game lasted 00:07:15 (6669 turns).

Irreverend the Cleaver (Minotaur Fighter)           Turns: 6669, Time: 00:07:16

Health: 0/79       AC: 18    Str: 24    XL:     9   Next: 27%
Magic:  8/8        EV:  7    Int:  5    God:
Gold:   431        SH:  5    Dex: 11    Spells: 8/8 levels left

rFire   . . .        y - +0 morningstar of the Hated {speed, Will+ Stlth+}
rCold   . . .        c - +0 buckler
rNeg    . . .        B - +0 plate armour
rPois   .            (helmet restricted)
rElec   .            t - +2 cloak
rCorr   .            (no gloves)
SInv    .            o - +0 pair of boots
Will    +....        (no amulet) Stlth
                     (no ring)
HPRegen 0.33/turn    (no ring)
MPRegen 0.11/turn

%: no passive effects
@: no status effects
A: horns 2, retaliatory headbutt
a: no special abilities


You were in a bailey.
You visited 1 branch of the dungeon, and saw 7 of its levels.
You also visited: Sewer and Bailey.

You collected 431 gold pieces.

Inventory:

Hand Weapons
 a - a +0 war axe
 y - the +0 morningstar of the Hated (weapon) {speed, Will+ Stlth+}
   (You took it off an orc wizard on level 5 of the Dungeon)

   Will:      It increases your willpower.
   Stlth:     It makes you more stealthy.
Missiles
 J - a throwing net
Armour
 c - a +0 buckler (worn)
 o - a +0 pair of boots (worn)
 t - a +2 cloak (worn)
 B - a +0 plate armour (worn)
Jewellery
 h - a +6 ring of intelligence
 I - a ring of flight
Wands
 q - a wand of iceblast (15)
 x - a wand of charming (7)
 G - a wand of quicksilver (10)
Scrolls
 b - a scroll of noise {unknown}
 d - a scroll of enchant armour {unknown}
 f - 8 scrolls of identify {unknown}
 g - 4 scrolls of fear {unknown}
 i - 2 scrolls of fog {unknown}
 k - 4 scrolls of enchant weapon
 l - 4 scrolls of teleportation {unknown}
 p - 2 scrolls of amnesia {unknown}
 s - 2 scrolls of immolation {unknown}
 w - a scroll of magic mapping {unknown}
 H - a scroll of summoning
Potions
 e - 2 potions of ambrosia {unknown}
 j - 3 potions of curing {unknown}
 m - 2 potions of mutation {unknown}
 n - 2 potions of invisibility {unknown}
 r - 2 potions of heal wounds {unknown}
 u - a potion of cancellation {unknown}
 v - 2 potions of enlightenment {unknown}
 z - 2 potions of lignification {unknown}
 A - 2 potions of attraction {unknown}
 C - a potion of magic {unknown}
 D - a potion of resistance {unknown}
 E - a potion of brilliance
 F - a potion of degeneration {unknown}


   Skills:
 + Level 7.6 Fighting
 * Level 9.9 Axes
 + Level 7.6 Armour
 + Level 7.6 Shields


You had 8 spell levels left.
You didn't know any spells.
Your spell library contained the following spells:

 Spells                   Type           Power      Damage    Failure   Level
 Sandblast                Erth           0%         2d4       100%        1
 Slow                     Hex            0%         N/A       100%        1
 Passwall                 Tmut/Erth      0%         N/A       100%        2
 Confusing Touch          Hex            0%         N/A       100%        3
 Stone Arrow              Conj/Erth      0%         3d7       100%        3
 Vampiric Draining        Necr           0%         2d6       100%        3


Dungeon Overview and Level Annotations

Branches:
Dungeon (7/15)              Sewer (visited)          Bailey (1/1)
 Temple: D:4-7

Altars:
Qazlal
Ru
Yredelemnul


Innate Abilities, Weirdness & Mutations

You have a pair of horns on your head.
You reflexively headbutt those who attack you in melee.


Message History

You open the gate.
Found 3 scrolls of enchant weapon.
Found two gates leading back out of this place.
There is an open gate here.
k - 4 scrolls of enchant weapon (gained 3)
You open the door.
An orc warrior, an orc and an orc knight come into view.
The orc warrior shouts!
The orc shouts!
The orc knight shouts!
The orc warrior completely misses you.
Found a book of Winter and a runed arbalest.
As you read the scroll of summoning, it crumbles to dust.
Wisps of shadow whirl around you... The orc warrior closely misses you.
The orc hits you but does no damage.
The orc knight roars a battlecry!
The orcs go into a battle-frenzy!
You swap places.
The orc warrior hits your orc with a +3 glaive!!
Your orc dies!
Your orc's corpse dissolves into shadows!
Your orc warrior unwields a +0 flail.
Your orc warrior wields a +0 orcbow.
Your orc warrior shoots an arrow.
The arrow misses the orc knight.
The arrow hits the orc warrior!
Your orc hits the orc knight with a +0 club.
Your gnoll closely misses the orc warrior.
There is an open gate here.
The orc knight hits you but does no damage.
Your gnoll hits the orc warrior from afar with a +0 halberd.
Your orc misses the orc knight.
You swap places.
The orc warrior hits you from afar with a +3 glaive!!
The orc hits you from afar with a +0 trident!
Your orc hits the orc knight but does no damage.
Your gnoll closely misses the orc warrior.
You hit the orc knight but do no damage.
The orc knight is lightly wounded.
The orc warrior hits you from afar with a +3 glaive!!
* * * LOW HITPOINT WARNING * * *
The orc barely misses you.
The orc knight hits you with a +0 halberd!
You die...

###≈≈...............≈≈### ..
..≈##.##≈)..............≈##.##≈..
..≈#.))).....................#≈..
..≈##.∩#≈...............≈#∩)##≈..
#.##≈....#######....≈##.#≈≈..
≈≈.≈≈≈....##...o##...≈≈≈.≈≈...
...........##.g.go##...........
.............##goo#..##..........
.........##..##g@o##..#..........
.........##.####'####.##.........
.........##.+


oo. +.##......... .........##.# #.8.# #.##......... .........##.+ #).:#
+.##......... .........##.#########.##......... ..........#..## ##..#..........
..........##..#+#+#..##.......... ...........##.......##........... You could
see an orc knight, an orc warrior (strong, ally target), an orc (strong, ally
target), a friendly orc warrior (summoned), 2 friendly orc wizards, 4 friendly
gnolls and a friendly orc (summoned).

Vanquished Creatures
  Sigmund (D:6)
  5 orc warriors
  A black bear (D:6)
  A sky beast (D:6)
  An ice beast (D:6)
  An ogre (D:6)
  2 centaurs (D:6)
  5 kobold brigands (Sewer)
  A bullfrog (D:7)
  A scorpion (D:5)
  A hound (D:6)
  4 orc priests
  A sleepcap (D:6)
  6 iguanas
  Jessica (D:2)
  A scorpion zombie (D:3)
  Natasha (thrice) (D:4)
  5 orc wizards
  7 adders
  3 gnolls (D:6)
  2 river rats (Sewer)
  A white imp (D:6)
  2 ufetubi
  An adder zombie (D:3)
  3 dart slugs
  A worm (D:2)
  35 orcs
  5 bats
  8 endoplasms
  4 giant cockroaches
  10 goblins
  10 hobgoblins
  10 jackals
  5 quokkas
  14 ball pythons
  8 frilled lizards
  11 kobolds
  8 rats
189 creatures vanquished.

Notes
Turn   | Place    | Note
-------+----------+-------------------------------------------
     0 | D:1      | Irreverend the Minotaur Fighter began the quest for the
                  | Orb.
     0 | D:1      | Reached XP level 1. HP: 19/19 MP: 0/0
   161 | D:1      | Reached XP level 2. HP: 23/27 MP: 1/1
   166 | D:1      | Reached skill level 3 in Axes
   273 | D:1      | Reached XP level 3. HP: 30/33 MP: 2/2
  1146 | D:2      | Noticed Jessica
  1151 | D:2      | Killed Jessica
  1152 | D:2      | Reached skill level 4 in Axes
  1152 | D:2      | Reached XP level 4. HP: 40/40 MP: 3/3
  1480 | D:3      | Reached XP level 5. HP: 41/47 MP: 4/4
  2231 | D:3      | Found a basalt altar of Yredelemnul.
  2383 | D:4      | Noticed an orc warrior
  2390 | D:4      | Killed an orc warrior
  2391 | D:4      | Reached skill level 5 in Axes
  2391 | D:4      | Reached skill level 5 in Armour
  2391 | D:4      | Reached XP level 6. HP: 51/55 MP: 5/5
  2402 | D:4      | Reached skill level 5 in Fighting
  2470 | D:4      | Noticed Natasha
  2476 | D:4      | Killed Natasha
  2477 | D:4      | Reached skill level 5 in Shields
  2491 | D:4      | Found a glowing drain.
  2509 | Sewer    | Entered a sewer
  2766 | Sewer    | Reached skill level 6 in Axes
  2784 | Sewer    | Reached XP level 7. HP: 34/61 MP: 6/6
  3725 | D:4      | Identified the +1 robe "Moing" {+Inv Dex+4}
  3731 | D:4      | Found a stormy altar of Qazlal.
  3821 | D:4      | Found a sacrificial altar of Ru.
  3829 | D:4      | Noticed Natasha
  3844 | D:4      | Killed Natasha
  3845 | D:4      | Reached skill level 7 in Axes
  4270 | D:4      | Noticed Natasha
  4276 | D:4      | Killed Natasha
  4335 | D:5      | Entered Level 5 of the Dungeon
  4595 | D:5      | Identified the +0 morningstar of the Hated {speed, Will+
                  | Stlth+}
  4606 | D:5      | Reached XP level 8. HP: 57/70 MP: 7/7
  4975 | D:6      | Noticed Sigmund
  4979 | D:6      | Killed Sigmund
  5038 | D:6      | Reached skill level 8 in Axes
  5788 | D:6      | Reached skill level 9 in Axes
  6202 | D:7      | Reached XP level 9. HP: 66/79 MP: 8/8
  6381 | D:7      | Found a flagged portal.
  6393 | Bailey   | Entered a bailey
  6664 | Bailey   | Noticed an orc knight
  6669 | Bailey   | Slain by an orc knight

Illustrated notes

Levels and vault maps discovered:
D:1:      psy_arrival_whirlpool, layout_basic
D:2:      layout_basic, nrook_campfire, minmay_tromino_i4, uniq_jessica
D:3:      layout_basic, lemuel_zombie_altar_yredelemnul, serial_glass,
          glass_columns_a, glass_columns_a
D:4:      layout_cave_pods, grunt_qazlal_clouds, nicolae_ru_awakened_eye,
          portal_sewer_entry_f, uniq_natasha
D:5:      layout_basic
D:6:      minmay_skewed_foursquare, layout_basic, hangedman_decor_opposing,
          uniq_sigmund
D:7:      layout_basic, lemuel_round_altar, nicolae_overflow_hidden_temple,
          minmay_temple_entry_fiery, enter_bailey_3,
          nicolae_figureground_sparkle
Bailey:   bailey_polearm_2, bailey

Skill      XL: |  1  2  3  4  5  6  7  8 |
---------------+-------------------------+-----
Axes           | 3 4 5 6 7 9 |  9.9
Fighting       | 4 5 6 7 |  7.6
Armour         | 4 5 6 7 |  7.6
Shields        | 4 5 6 7 |  7.6

Action                     |  1- 3 |  4- 6 |  7- 9 || total
---------------------------+-------+-------+-------++-------
  Melee: War axe           |    88 |   114 |   112 ||   314
         Headbutt          |     8 |    18 |    57 ||    83
         Morningstar       |       |       |   194 ||   194
    Use: Potion            |       |     2 |     1 ||     3
         Scroll            |       |       |     1 ||     1
 Armour: Scale mail        |    36 |    61 |    35 ||   132
         Plate armour      |       |       |   123 ||   123
         Chain mail        |       |       |     3 ||     3
  Dodge: Dodged            |    47 |    52 |   117 ||   216
  Block: Buckler           |    24 |    31 |    81 ||   136

Table legend: (Time is in decaauts)
 A = Elapsed time spent in this place.
 B = Non-inter-level travel time spent in this place.
 C = Inter-level travel time spent in this place.
 D = Time resting spent in this place.
 E = Time spent auto-exploring this place.
 F = Levels seen in this place.
 G = Mean time per level.
                   A        B        C        D        E       F      G
               +--------+--------+--------+--------+--------+-----+--------+
         Total |   6910 |   6758 |    152 |    488 |   4915 |   9 |  767.8 |
       Dungeon |   5324 |   5172 |    152 |      0 |   4257 |   7 |  760.6 |
         Sewer |   1319 |   1319 |      0 |    396 |    650 |   1 | 1319.0 |
        Bailey |    265 |    265 |      0 |     92 |      7 |   1 |  265.0 |
               +--------+--------+--------+--------+--------+-----+--------+

Top non-repeatable levels by time:
   Sewer: 1319 daAuts
     D:6: 1129 daAuts
     D:4: 915 daAuts
     D:3: 891 daAuts
     D:1: 869 daAuts
     D:5: 638 daAuts
     D:2: 608 daAuts
     D:7: 271 daAuts
  Bailey: 265 daAuts
